 Dungeon Crawl Stone Soup version 0.26.1-11-gd32895ea62 (webtiles) character file.

Game seed: 9125257535711353952

9800 porpoise the Slinger (level 11, -1/80 HPs)
             Began as a Halfling Wanderer on July 31, 2021.
             Was an Elder of Okawaru.
             Slain by a phantasmal warrior (28 damage)
             ... led by a death knight
             ... on level 11 of the Dungeon.
             The game lasted 00:43:13 (14297 turns).

porpoise the Slinger (Halfling Wanderer)           Turns: 14297, Time: 00:43:13

Health: -1/80      AC: 15    Str: 13    XL:     11   Next: 81%
Magic:  11/13      EV: 23    Int: 13    God:    Okawaru [****..]
Gold:   692        SH: 12    Dex: 15    Spells: 10/10 levels left

rFire    . . .     SeeInvis .   a - +2 falchion (freeze)
rCold    + . .     Faith    .   D - +0 buckler
rNeg     . . .     Spirit   .   V - +1 ring mail {rPois}
rPois    +         Reflect  +   q - +1 helmet
rElec    .         Harm     .   A - +0 cloak {rPois}
rCorr    .         Rampage  .   R - +0 pair of gloves
Will     .....                  o - +0 pair of boots
Stlth    ++++......             r - amulet of reflection
HPRegen  0.23/turn              x - ring of protection from cold
MPRegen  0.13/turn              N - +4 ring of evasion

@: about to teleport, weak-willed, heroism, hasted and slowed
A: small, mutation resistance 1
a: Renounce Religion, Heroism


You were on level 11 of the Dungeon.
You worshipped Okawaru.
Okawaru was greatly pleased with you.
You visited 3 branches of the dungeon, and saw 13 of its levels.

You collected 692 gold pieces.

Inventory:

Hand Weapons
 a - a +2 falchion of freezing (weapon)
 b - a +0 hunting sling of flaming
 w - a +4 dagger
 Y - a +3 war axe
Missiles
 d - 75 sling bullets
 h - 487 stones
 u - 11 boomerangs (quivered)
 F - 2 poisoned darts
 L - a throwing net
 M - 12 silver boomerangs
Armour
 o - a +0 pair of boots (worn)
 q - a +1 helmet (worn)
 A - a +0 cloak of poison resistance (worn)
 D - a +0 buckler (worn)
 R - a +0 pair of gloves (worn)
 S - a +2 leather armour of willpower
 V - a +1 ring mail of poison resistance (worn)
Jewellery
 m - an uncursed amulet of the acrobat
 n - an uncursed amulet of faith
 r - an amulet of reflection (around neck)
 x - a ring of protection from cold (left hand)
 J - an uncursed ring of protection from cold
 N - a +4 ring of evasion (right hand)
 O - an uncursed ring of see invisible
Wands
 t - a wand of enslavement (11)
 E - a wand of iceblast (19)
 P - a wand of disintegration (8)
 T - a wand of polymorph (7)
 X - a wand of paralysis (11)
Scrolls
 e - a scroll of enchant weapon
 f - 4 scrolls of amnesia
 g - 4 scrolls of remove curse
 i - a scroll of blinking {unknown}
 j - a scroll of noise {unknown}
 v - a scroll of random uselessness {unknown}
 y - a scroll of magic mapping
 z - 7 scrolls of teleportation
 I - 2 scrolls of fear
 K - a scroll of immolation {unknown}
 Q - 6 scrolls of identify
 W - a scroll of vulnerability {unknown}
 Z - a scroll of enchant armour {unknown}
Potions
 c - 4 potions of lignification
 k - 2 potions of heal wounds
 l - 2 potions of attraction
 p - 5 potions of brilliance
 s - 4 potions of mutation
 B - 2 potions of flight
 C - 6 potions of curing
 G - 2 potions of might
 H - 4 potions of haste
Miscellaneous
 U - a condenser vane


   Skills:
 - Level 9.0(14.0) Fighting
 - Level 6.9(13.4) Short Blades
 - Level 6.0(12.1) Long Blades
 + Level 9.5(14.5) Slings
 + Level 6.4(11.4) Armour
 - Level 5.0(10.0) Dodging
 - Level 5.0(10.0) Stealth
 - Level 4.0(9.0) Shields
 - Level 3.0 Invocations
 - Level 5.0 Evocations


You had 10 spell levels left.
You didn't know any spells.
Your spell library was empty.

Dungeon Overview and Level Annotations

Branches:
Dungeon (11/15)            Temple (1/1) D:6            Lair (1/6) D:10
    Orc (0/2) D:11

Altars:
Ashenzari
Cheibriados
Dithmenos
Elyvilon
Fedhas
Gozag
Hepliaklqana
Kikubaaqudgha
Makhleb
Nemelex Xobeh
Okawaru
Qazlal
Ru
Sif Muna
Trog
Uskayaw
Vehumet
Wu Jian
Xom
Yredelemnul
Zin
The Shining One

Shops:
D:7 (

Annotations:
D:1 exclusion: downstairs
D:9 exclusion: door


Innate Abilities, Weirdness & Mutations

You are small and have problems with some larger weapons.
You are somewhat resistant to further mutation.


Message History

You hit the phantasmal warrior but do no damage.
You block the wraith's attack.
You hit the phantasmal warrior but do no damage.
You block the death knight's attack.
You block the phantasmal warrior's attack.
The wraith hits you.
You closely miss the phantasmal warrior.
The phantasmal warrior misses you.
You hit the phantasmal warrior.
The phantasmal warrior is lightly damaged.
The death knight closely misses you.
The phantasmal warrior blinks!
The wraith barely misses you.
As you read the scroll of teleportation, it crumbles to dust.
You feel strangely unstable.
You block the phantasmal warrior's attack.
The wraith misses you. You block the death knight's attack.
You hit the wraith.
The wraith is lightly damaged.
The phantasmal warrior hits you!!
You die...

###......###........##,,,.......+
.##.......##.........#,,,......,*
..........#######....#,,,,....,,*
....###...# #....#,,,,...,,,*
....# ##### #....#****#§#****
....# #....######(## #'#########
#............#
..........#########W.......(.#***
...............W@WpW).......(+,,,
.#........###############....#***
.#..###...# ##.......###(.#
.#....#...# ###...####...##.#
.#....#...# ##.[..##.)##...###
.##...#..)# #...8.'...)).8..#
.#<......÷###.....##..##....##
.##.####......##...####......#
...............##........##.[#


You could see a death knight, 2 phantasmal warriors and 2 wraiths.

Vanquished Creatures
  A hydra (D:11)
  Erolcha (D:10)
  A troll (D:9)
  A hornet (D:9)
  Sigmund (D:2)
  6 yaks
  A wyvern (D:10)
  Grum (D:11)
  Eustachio (D:6)
  4 vampire mosquitoes (D:8)
  Edmund (D:6)
  A soldier ant (D:10)
  2 water moccasins
  2 necrophages (D:10)
  An ice beast (D:7)
  3 orc warriors
  2 sky beasts
  A phantom (D:4)
  7 wolves
  9 ogres
  6 centaurs
  A big kobold (D:10)
  7 bullfrogs
  2 wyvern skeletons
  2 scorpions
  5 killer bees
  4 wights (D:9)
  An electric eel (D:10)
  A howler monkey (D:5)
  2 bullfrog zombies (D:11)
  2 centaur zombies
  Crazy Yiuf (D:3)
  12 hounds
  2 orc priests
  2 centaur skeletons
  4 jellies
  2 bullfrog skeletons
  Jessica (D:3)
  An iguana (D:5)
  9 orc wizards
  Natasha (twice) (D:4)
  10 worker ants
  A hound skeleton (D:7)
  A howler monkey zombie (D:9)
  2 worker ant zombies
  9 gnolls
  14 adders
  2 shadow imps
  4 white imps
  An ooze (D:4)
  2 adder zombies (D:9)
  An adder skeleton (D:4)
  A worm (D:5)
  A dart slug (D:1)
  2 leopard geckos
  42 orcs
  3 ball pythons
  3 bats
  4 giant cockroaches
  10 goblins
  9 hobgoblins
  15 jackals
  6 quokkas
  6 frilled lizards
  11 kobolds
  3 leopard gecko skeletons
  6 rats
285 creatures vanquished.

Vanquished Creatures (others)
  A fungus (Lair:1)
  A plant (Lair:1)
2 creatures vanquished.

Grand Total: 287 creatures vanquished

Notes
Turn   | Place    | Note
-------+----------+-------------------------------------------
     0 | D:1      | porpoise the Halfling Wanderer began the quest for the Orb.
     0 | D:1      | porpoise set off with the following items: a +2 dagger, a
                  | potion of haste, a potion of lignification, a +0 short
                  | sword, a +0 robe
     0 | D:1      | Reached XP level 1. HP: 13/13 MP: 1/1
   104 | D:1      | Reached XP level 2. HP: 18/18 MP: 2/2
   693 | D:1      | Reached XP level 3. HP: 10/23 MP: 3/3
  1201 | D:2      | Noticed Sigmund
  1859 | D:3      | Reached XP level 4. HP: 16/29 MP: 4/4
  2228 | D:3      | Reached XP level 5. HP: 35/35 MP: 5/5
  2794 | D:3      | Noticed Jessica
  2797 | D:3      | Killed Jessica
  2798 | D:3      | Reached XP level 6. HP: 41/41 MP: 6/6
  3089 | D:3      | Found a bloodstained altar of Trog.
  3635 | D:3      | Found a runed translucent door.
  3636 | D:3      | Noticed Crazy Yiuf
  3654 | D:3      | Killed Crazy Yiuf
  3951 | D:4      | Noticed a phantom
  4089 | D:4      | Noticed an ogre
  4100 | D:4      | Killed an ogre
  4101 | D:4      | Reached XP level 7. HP: 42/46 MP: 7/7
  4106 | D:4      | Reached skill level 5 in Short Blades
  4190 | D:4      | Noticed Natasha
  4533 | D:4      | Reached skill level 5 in Long Blades
  4885 | D:4      | Reached XP level 8. HP: 49/54 MP: 8/8
  5032 | D:4      | Killed Natasha
  5233 | D:4      | Noticed Natasha
  5252 | D:4      | Killed Natasha
  5331 | D:5      | Entered Level 5 of the Dungeon
  5789 | D:5      | Found a sacrificial altar of Ru.
  5871 | D:5      | Found a bloodstained altar of Trog.
  6179 | D:5      | Reached skill level 5 in Fighting
  6754 | D:5      | Reached skill level 1 in Slings
  6755 | D:5      | Reached XP level 9. HP: 58/61 MP: 9/9
  7257 | D:2      | Killed Sigmund
  7639 | D:6      | You fall into a shaft and drop 2 floors!
  7821 | D:8      | Reached skill level 1 in Armour
  8513 | D:6      | Noticed Edmund
  8533 | D:6      | Killed Edmund
  8729 | D:6      | Noticed Eustachio
  8740 | D:6      | Killed Eustachio
  8779 | D:6      | Reached XP level 10. HP: 71/71 MP: 10/10
  8798 | D:6      | Found a staircase to the Ecumenical Temple.
  8819 | Temple   | Entered the Ecumenical Temple
  8917 | Temple   | Became a worshipper of Warmaster Okawaru
  9017 | D:6      | Reached skill level 5 in Armour
  9257 | D:7      | Reached skill level 1 in Invocations
  9602 | D:7      | Found Neddy's Weapon Shop.
  9858 | D:8      | Reached * piety under Okawaru
 10435 | D:9      | Reached skill level 5 in Dodging
 10593 | D:9      | Reached skill level 1 in Evocations
 10664 | D:9      | Found a radiant altar of Vehumet.
 10676 | D:9      | Reached skill level 5 in Stealth
 10682 | D:9      | Found a burning altar of Makhleb.
 10682 | D:9      | Found a snail-covered altar of Cheibriados.
 10695 | D:9      | Found an opulent altar of Gozag.
 10875 | D:9      | Reached ** piety under Okawaru
 11071 | D:9      | Found a shimmering blue altar of Sif Muna.
 11106 | D:9      | Found an ancient bone altar of Kikubaaqudgha.
 11438 | D:10     | Entered Level 10 of the Dungeon
 11616 | D:10     | Reached XP level 11. HP: 77/77 MP: 13/13
 11974 | D:10     | Found a staircase to the Lair.
 11981 | D:10     | Reached skill level 5 in Evocations
 12004 | Lair:1   | Entered Level 1 of the Lair of Beasts
 12370 | D:10     | Reached *** piety under Okawaru
 12637 | D:10     | Reached skill level 5 in Slings
 13381 | D:11     | Noticed Erolcha
 13410 | D:10     | Killed Erolcha
 13615 | D:11     | Found a staircase to the Orcish Mines.
 13762 | D:11     | Noticed a five-headed hydra
 13782 | D:11     | Killed a five-headed hydra
 13782 | D:11     | Reached **** piety under Okawaru
 14148 | D:11     | Noticed Grum
 14167 | D:11     | Killed Grum
 14268 | D:11     | Noticed a phantasmal warrior
 14271 | D:11     | Noticed a death knight
 14272 | D:11     | Noticed a phantasmal warrior
 14297 | D:11     | Slain by a phantasmal warrior

Illustrated notes

Levels and vault maps discovered:
D:1:      minmay_arrival_up_and_down, layout_rooms
D:2:      layout_rooms, uniq_sigmund
D:3:      layout_basic, lightli_temple_of_fire, uniq_jessica,
          uniq_crazy_yiuf_cottage
D:4:      layout_rooms, portal_sewer_entry_d, minmay_joined_circles,
          uniq_natasha
D:5:      layout_gridville, nicolae_ru_great_annihilating_truth, basic_altar,
          minmay_chambers_of_fives
D:6:      layout_rooms, minmay_temple_entry_junction,
          eino_small_chamber_without_monster, uniq_eustachio, uniq_edmund
D:7:      layout_rooms, serial_shops, nicolae_shop_behind_doors
D:8:      layout_loops_ring
D:9:      minmay_recursive_quarters, layout_basic, kennysheep_mini_moat,
          led_sif_book, grunt_temple_overflow_open
D:10:     layout_layer_cave, erik_lair_island, kennysheep_cluttered_room
D:11:     layout_basic, david_orc_1_choice, minmay_three_doors, uniq_grum,
          uniq_erolcha
Temple:   jpeg_temple_clearing
Lair:1:   layout_cave_pods, infiniplex_staircase_pool, uniq_prince_ribbit2

Skill      XL: |  1  2  3  4  5  6  7  8  9 10 11 |
---------------+----------------------------------+-----
Short Blades   | 2 3 4 5 6 |  6.9
Fighting       | 2 3 4 5 7 9 |  9.0
Long Blades    | 3 4 5 6 |  6.0
Slings         | 2 4 9 |  9.5
Armour         | 4 5 6 |  6.4
Shields        | 4 |  4.0
Invocations    | 3 |  3.0
Dodging        | 5 |  5.0
Stealth        | 5 |  5.0
Evocations     | 4 5 |  5.0

Action                   |  1- 3 |  4- 6 |  7- 9 | 10-12 || total
-------------------------+-------+-------+-------+-------++-------
Melee: Dagger            |    83 |       |     2 |       ||    85
       Whip              |    60 |   135 |   279 |       ||   474
       Rapier            |       |       |    99 |    10 ||   109
       Falchion          |       |       |       |   163 ||   163
 Fire: Hunting sling     |       |       |   124 |   553 ||   677
Throw: Stone             |     1 |    21 |    12 |       ||    34
       Dart              |       |       |    26 |       ||    26
Invok: Heroism           |       |       |       |    12 ||    12
Evoke: Wand              |       |       |     1 |     4 ||     5
  Use: Scroll            |       |     2 |    10 |     4 ||    16
       Potion            |       |     1 |     1 |     1 ||     3
 Stab: Sleeping          |     2 |     2 |     1 |     3 ||     8
Armor: Robe              |    14 |     3 |       |       ||    17
       Leather armour    |       |     8 |       |    17 ||    25
       Ring mail         |       |    19 |   106 |    54 ||   179
Dodge: Dodged            |    99 |    79 |   223 |   256 ||   657
Block: Other             |       |    13 |    74 |       ||    87
       Reflection        |       |     1 |     5 |     8 ||    14
       Buckler           |       |       |       |   233 ||   233
       Rpst.: Falchion   |       |       |       |    31 ||    31
